 Dungeon Crawl Stone Soup version 0.31.0-12-g77e489cdc1 (webtiles) character file.

Game seed: 14136069005762679658

36 hawla the Apothecary (level 3, -3/20 HPs)
             Began as a Deep Elf Alchemist on Feb 12, 2024.
             Slain by Sigmund
             ... wielding a +0 scythe
              (5 damage)
             ... on level 2 of the Dungeon.
             The game lasted 00:04:13 (1077 turns).

hawla the Apothecary (Deep Elf Alchemist)           Turns: 1077, Time: 00:04:14

Health: -3/20      AC:  2    Str:  5    XL:     3   Next: 19%
Magic:  3/9        EV: 12    Int: 21    God:
Gold:   78         SH:  0    Dex: 15    Spells: 5/8 levels left

rFire   . . .        (no weapon)
rCold   . . .        (no shield)
rNeg    . . .        a - +0 robe
rPois   .            (no helmet)
rElec   .            (no cloak)
rCorr   .            (no gloves)
SInv    .            (no boots)
Will    .....        e - amulet of magic regeneration
Stlth   +            (no ring)
HPRegen 0.23/turn    (no ring)
MPRegen 0.51/turn

%: no passive effects
@: confused, attractive, very slightly contaminated
A: no striking features
a: no special abilities


You were on level 2 of the Dungeon.
You visited 1 branch of the dungeon, and saw 2 of its levels.

You collected 78 gold pieces.

Inventory:

Armour
 a - a +0 robe (worn)
Jewellery
 e - an amulet of magic regeneration (around neck)
Scrolls
 i - a scroll of butterflies {unknown}
Potions
 b - a potion of magic
 c - 3 potions of attraction
 d - a potion of lignification {unknown}
 f - a potion of resistance {unknown}


   Skills:
 - Level 1.0 Fighting
 - Level 2.4 Dodging
 - Level 3.0 Stealth
 - Level 3.0 Spellcasting
 + Level 2.7 Conjurations
 - Level 3.2 Alchemy


You had 5 spell levels left.
You knew the following spells:

 Your Spells              Type           Power      Damage    Failure   Level
a - Sting                 Conj/Alch      60%        1d6       3%          1
b - Mercury Vapours       Alch/Air       20%        N/A       11%         2

Your spell library contained the following spells:

 Spells                   Type           Power      Damage    Failure   Level
 Mephitic Cloud           Conj/Alch/Air  11%        N/A       17%         3
 Olgreb's Toxic Radiance  Alch           16%        N/A       34%         4
 Sticky Flame             Fire/Alch      10%        2d5       56%         4


Dungeon Overview and Level Annotations

Branches:
Dungeon (2/15)

Altars:

Annotations:
D:2 Sigmund, Terence


Message History

Casting: Mercury Vapours (safe; 11% risk of failure)
Confirm with . or Enter, or press ? or * to list all spells.
Aiming: Sting (safe; 3% risk of failure)
Press: ? - help, Shift-Dir - straight line, f/p - Sigmund
Aim: Sigmund, wielding a +0 scythe and wearing a +0 robe (blue smoke, severely wounded, extremely poisoned, weak, 71% to hit)
You miscast Sting.
You are very lightly contaminated with residual magic.
Nothing appears to happen.
Sigmund hits you from afar with a +0 scythe.
* * * LOW HITPOINT WARNING * * *
Casting: Sting (safe; 3% risk of failure)
Confirm with . or Enter, or press ? or * to list all spells.
Aiming: Mercury Vapours (safe; 11% risk of failure)
Press: ? - help, Dir - move target, f/p - Sigmund
Aim: Sigmund, wielding a +0 scythe and wearing a +0 robe (blue smoke, severely wounded, extremely poisoned, weak, chance to weaken: 96%)
Okay, then.
Casting: Mercury Vapours (safe; 11% risk of failure)
Confirm with . or Enter, or press ? or * to list all spells.
Aiming: Sting (safe; 3% risk of failure)
Press: ? - help, Shift-Dir - straight line, f/p - Sigmund
Aim: Sigmund, wielding a +0 scythe and wearing a +0 robe (blue smoke, severely wounded, extremely poisoned, weak, 71% to hit)
The sting hits Sigmund.
Sigmund looks as sick as possible!
Sigmund is almost dead.
Sigmund gestures at you while chanting. You resist with some effort.
Casting: Sting (safe; 3% risk of failure)
Confirm with . or Enter, or press ? or * to list all spells.
Aiming: Sting (safe; 3% risk of failure)
Press: ? - help, Shift-Dir - straight line, f/p - Sigmund
Aim: Sigmund, wielding a +0 scythe and wearing a +0 robe (blue smoke, almost dead, extremely poisoned, weak, 71% to hit)
The sting hits Sigmund but does no damage.
Sigmund looks as sick as possible!
Sigmund is almost dead.
Sigmund gestures at you while chanting.
You are confused.
It was a potion of attraction.
You feel attractive to monsters.
Sigmund hits you from afar with a +0 scythe.
You die...
Sigmund begins carving another notch in his scythe.

#.. ....
#.###........
#............
#####.##.........
#...............
#@##.§§.......
#.§#§§§)...#
##§@§§§....#
###§§§....#
#§§§#.###
#§§§§#.# #.#..#.#
#.#....# #.(.#.$#


You could see Sigmund (extremely poisoned, weak).

Vanquished Creatures
  An adder (D:1)
  A dart slug (D:1)
  4 ball pythons (D:1)
  An endoplasm (D:1)
  A giant cockroach (D:1)
  A hobgoblin (D:1)
  2 kobolds
  3 quokkas
  3 bats (D:1)
  A frilled lizard (D:1)
  4 goblins
22 creatures vanquished.

Notes
Turn   | Place    | Note
-------+----------+-------------------------------------------
     0 | D:1      | hawla the Deep Elf Alchemist began the quest for the Orb.
     0 | D:1      | Reached XP level 1. HP: 10/10 MP: 6/6
   106 | D:1      | Found a faded altar of an unknown god.
   111 | D:1      | Reached skill level 1 in Fighting
   287 | D:1      | Reached XP level 2. HP: 16/16 MP: 6/8
   976 | D:2      | Noticed Terence
   976 | D:2      | Noticed Sigmund
   986 | D:1      | Reached XP level 3. HP: 12/20 MP: 7/9
   993 | D:1      | Learned a level 2 spell: Mercury Vapours
  1074 | D:2      | HP: 1/20 [Sigmund/+0 scythe (3)]
  1077 | D:2      | Slain by Sigmund

Illustrated notes

Levels and vault maps discovered:
D:1:      minmay_arrival_open_corners, layout_loops_ring,
          hellmonk_ecumenical_altar_pennies_from_heaven
D:2:      layout_rooms, minmay_small_reverse_x, uniq_terence, uniq_sigmund

Skill      XL: |  1  2 |
---------------+-------+-----
Fighting       | 1 |  1.0
Stealth        | 3 |  3.0
Conjurations   | 2 |  2.7
Dodging        | |  2.4
Spellcasting   | |  3.0
Alchemy        | |  3.2

Action                     || total
---------------------------++-------
  Melee: Unarmed           ||     2
   Cast: Sting             ||    51
         Mercury Vapours   ||     6
    Use: Scroll            ||     2
         Potion            ||     1
 Armour: Robe              ||    18
  Dodge: Dodged            ||    16
